AoeStats
← Tomato

Black Forest

506244583Analyzed
4v4 RM · 20d ago on Sep 12, 2026· 45m 16s· 8 players
Game mode
Random Map
Map size
Large (8 player)
Population
200
Speed
Normal
Resources
Standard
Victory
Conquest
Starting age
Dark Age
Ending age
Imperial Age
RankedLock teamsTeams togetherTeam positionsShared explorationLock speedFull tech treeHidden civsTurbo modeCheats
Victory
Defeat
🇹🇼 Malay · Taiwan
1345
+15
🇳🇱 Wei · Netherlands
1312
+17
🇲🇽 Italians · Mexico
1296
+17
🇺🇸 Britons · United States
1277
+18
🇸🇪 Japanese · Sweden
1391
-41
🇸🇪 Malians · Sweden
1374
-18
🇸🇪 Chinese · Sweden
1306
-16
🇸🇪 Persians · Sweden
1245
-14
GRAN KHAN
0:39 Loom
10:55 Feudal Age
15:18 Castle Age
13:22 Double-Bit Axe
13:34 Horse Collar
13:48 Gold Mining
13:51 Stone Mining
14:23 Gold Mining
14:49 Horse Collar
25:26 Fletching
27:21 Ballistics
26:59 Bodkin Arrow
32:21 Imperial Age
30:33 Wheelbarrow
32:09 Heavy Plow
32:12 Padded Archer Armor
34:13 Forging
34:03 Scale Mail Armor
34:08 Scale Barding Armor
34:26 Leather Archer Armor
34:11 Bracer
34:26 Leather Archer Armor
34:11 Bracer
34:22 Thumb Ring
35:22 Chemistry
34:02 Treadmill Crane
35:23 Scale Mail Armor
35:56 Forging
37:07 Chain Mail Armor
39:02 Iron Casting
40:03 Crop Rotation
39:46 Bow Saw
40:12 Plate Mail Armor
40:44 Conscription
42:08 Blast Furnace
42:15 Elite Genoese Crossbowman
43:27 Squires
43:13 Arson
43:48 Hand Cart
43:19 Town Watch
44:16 Ring Archer Armor
Soaking Dill
0:26 Loom
15:17 Feudal Age
15:58 Double-Bit Axe
18:40 Fletching
19:35 Gold Mining
19:27 Horse Collar
23:20 Castle Age
21:45 Stone Mining
23:54 Padded Archer Armor
25:38 Wheelbarrow
25:06 Bodkin Arrow
24:48 Crossbowman
27:16 Leather Archer Armor
28:12 Town Watch
31:10 Ballistics
32:19 Hand Cart
39:01 Imperial Age
40:06 Conscription
40:30 Elite Longbowman
41:59 Pikeman
43:39 Bracer
44:04 Yeomen
43:19 Arbalester
45:22 Chemistry
44:34 Squires
44:37 Scale Mail Armor
44:44 Halberdier
Tomato
9:09 Loom
11:17 Feudal Age
9:35 Loom
11:53 Horse Collar
11:58 Double-Bit Axe
13:10 Wheelbarrow
13:07 Gold Mining
17:46 Castle Age
16:20 Fletching
17:49 Bloodlines
19:42 Bodkin Arrow
20:51 Husbandry
20:52 Padded Archer Armor
22:56 Town Watch
23:32 Hand Cart
25:58 Heavy Plow
27:33 Bow Saw
28:56 Gold Shaft Mining
30:33 Leather Archer Armor
31:28 Ballistics
34:04 Imperial Age
32:44 Thumb Ring
34:19 Stone Mining
35:14 Parthian Tactics
34:52 Bracer
35:55 Crop Rotation
36:29 Chemistry
38:35 Ring Archer Armor
38:29 Masonry
38:01 Treadmill Crane
40:14 Ming Guang Armor
40:09 Conscription
40:44 Caravan
42:35 Masonry
TW_Picar
1:37 Loom
25:22 Feudal Age
25:19 Double-Bit Axe
25:15 Horse Collar
30:48 Castle Age
30:41 Wheelbarrow
30:12 Stone Mining
30:21 Fletching
31:50 Bow Saw
33:24 Bodkin Arrow
35:04 Heavy Plow
38:24 Gold Mining
41:15 Gold Shaft Mining
46:32 Imperial Age
Creweer
9:17 Loom
11:31 Feudal Age
16:47 Castle Age
15:54 Double-Bit Axe
16:31 Bloodlines
16:27 Scale Barding Armor
18:04 Horse Collar
23:21 Fletching
25:05 Padded Archer Armor
26:51 Elite Skirmisher
28:02 Bodkin Arrow
29:09 Thumb Ring
29:21 Leather Archer Armor
34:03 Heavy Plow
34:47 Wheelbarrow
35:40 Crossbowman
37:27 Gold Mining
37:53 Light Cavalry
39:11 Scale Mail Armor
39:32 Chain Barding Armor
43:24 Imperial Age
43:32 Chain Barding Armor
43:32 Arbalester
44:47 Ring Archer Armor
LilleSkutt
4:57 Loom
12:17 Feudal Age
16:16 Castle Age
14:28 Double-Bit Axe
14:29 Horse Collar
17:07 Bow Saw
22:11 Scale Barding Armor
23:07 Gold Mining
23:56 Wheelbarrow
25:04 Bloodlines
25:32 Forging
30:30 Imperial Age
28:17 Husbandry
29:45 Chain Barding Armor
30:01 Iron Casting
30:08 Cavalier
31:28 Plate Barding Armor
31:36 Savar
34:38 Blast Furnace
37:39 Caravan
39:10 Two-Man Saw
39:37 Light Cavalry
45:25 Conscription
Griphusinvictus
3:14 Loom
15:53 Feudal Age
18:21 Wheelbarrow
18:34 Man-at-Arms
28:27 Castle Age
26:51 Town Watch
32:09 Double-Bit Axe
32:09 Horse Collar
34:30 Fletching
35:16 Ballistics
35:58 Yasama
36:56 Hand Cart
36:43 Bodkin Arrow
42:01 Imperial Age
40:23 Guard Tower
40:16 Treadmill Crane
41:52 Pikeman
42:32 Squires
43:47 Capped Ram
44:07 Halberdier
44:48 Arson
wmoloo
0:26 Loom
14:59 Feudal Age
15:15 Man-at-Arms
24:49 Castle Age
23:02 Double-Bit Axe
23:22 Horse Collar
38:56 Bow Saw
Connection lost

Rejoining the realm…

Still unreachable

The connection could not be restored.

Session expired

The server has moved on; the page needs a fresh start.